 Dungeon Crawl Stone Soup version 0.26-a0-1021-gda264ca44c (webtiles) character file.

Game seed: 16129441461315663819

14688 pablito the Jinx (level 11, -19/50 HPs)
             Began as a Felid Enchanter on Dec 8, 2020.
             Was a High Priest of Wu Jian.
             Demolished by a komodo dragon (28 damage)
             ... on level 2 of the Lair of Beasts.
             The game lasted 01:13:18 (17263 turns).

pablito the Jinx (Felid Enchanter)                 Turns: 17263, Time: 01:13:19

Health: -19/50     AC:  2    Str:  4    XL:     11   Next: 92%
Magic:  1/16       EV: 32    Int: 18    God:    Wu Jian [*****.]
Gold:   461        SH:  0    Dex: 19    Spells: 6/16 levels left
                                        Lives:  0   Deaths: 3

rFire    . . .     SeeInvis +     - Unarmed
rCold    . . .     Faith    +   (shield unavailable)
rNeg     . . .     Spirit   .   (armour unavailable)
rPois    .         Reflect  .   (helmet unavailable)
rElec    .         Harm     .   (cloak unavailable)
rCorr    .         Rampage  .   (gloves unavailable)
Will     +....                  (boots unavailable)
Stlth    +++++++...             y - amulet of faith
HPRegen  0.16/turn              K - +4 ring of evasion
MPRegen  0.15/turn              q - ring of stealth

@: lethally poisoned (-19 -> -21), about to teleport, very slightly
contaminated, quick
A: very small, no armour, no weapons or thrown items, stealth, claws 1, fangs 3,
see invisible, speed 1, shaggy fur 2, sharp paws
a: Wall Jump, Serpent's Lash, Heavenly Storm, Renounce Religion


You were on level 2 of the Lair of Beasts.
You worshipped Wu Jian.
Wu Jian was extremely pleased with you.
You visited 2 branches of the dungeon, and saw 14 of its levels.

You collected 981 gold pieces.
You spent 520 gold pieces at shops.

Inventory:

Jewellery
 d - an uncursed ring of fire
 i - an uncursed amulet of reflection
 o - an uncursed amulet of regeneration
 q - a ring of stealth (right paw)
 r - an uncursed ring of magical power
 u - an uncursed ring of flight
 x - an uncursed ring of willpower
 y - an amulet of faith (around neck)
 A - an uncursed amulet of magic regeneration
 K - a +4 ring of evasion (left paw)
Wands
 s - a wand of polymorph (19)
 w - a wand of flame (3)
 I - a wand of random effects (9)
Scrolls
 a - a scroll of noise {unknown}
 c - 2 scrolls of fear {unknown}
 e - 5 scrolls of teleportation
 f - a scroll of identify
 g - 5 scrolls of magic mapping
 h - 7 scrolls of remove curse
 j - 2 scrolls of blinking {unknown}
 l - a scroll of fog {unknown}
 n - 3 scrolls of enchant weapon {unknown}
 p - 2 scrolls of random uselessness {unknown}
 v - 2 scrolls of enchant armour {unknown}
 B - a scroll of amnesia {unknown}
 C - 2 scrolls of brand weapon {unknown}
 M - a scroll of holy word {unknown}
 O - a scroll of vulnerability {unknown}
Potions
 b - 4 potions of might
 k - a potion of flight
 m - a potion of resistance {unknown}
 t - 2 potions of curing
 z - a potion of brilliance
 F - 3 potions of mutation
 G - 2 potions of invisibility
 H - 2 potions of berserk rage
 J - a potion of haste
 L - a potion of magic
 N - a potion of lignification {unknown}
Miscellaneous
 D - a condenser vane
 E - a condenser vane


   Skills:
 + Level 7.0 Fighting
 + Level 11.0 Dodging
 + Level 12.1 Stealth
 * Level 10.4 Unarmed Combat
 - Level 3.1 Spellcasting
 + Level 12.2 Hexes
 + Level 6.7 Summonings
 - Level 3.1 Evocations


You had 6 spell levels left.
You knew the following spells:

 Your Spells              Type           Power        Failure   Level
a - Corona                Hex            #####..      1%          1
b - Ensorcelled Hibernat  Hex/Ice        ###...       1%          2
c - Confusing Touch       Hex            #####...     1%          3
d - Summon Small Mammal   Summ           ####         1%          1
e - Summon Guardian Gole  Hex/Summ       #####...     1%          3

Your spell library contained the following spells:

 Spells                   Type           Power        Failure   Level
 Call Imp                 Summ           ####....     1%          2
 Tukima's Dance           Hex            #####...     1%          3
 Call Canine Familiar     Summ           ####....     3%          3
 Dazzling Flash           Conj/Hex       ###...       4%          3
 Fulminant Prism          Conj/Hex       ###.......   13%         4
 Magic Dart               Conj           #...         16%         1
 Searing Ray              Conj           #.....       24%         2
 Summon Ice Beast         Ice/Summ       ##......     38%         4
 Summon Lightning Spire   Summ/Air       ##......     38%         4
 Iskenderun's Mystic Bla  Conj/Tloc      #.......     85%         4


Dungeon Overview and Level Annotations

Branches:
Dungeon (12/15)            Temple (0/1) D:7            Lair (2/6) D:11
  Snake (0/4) Lair:2          Orc (0/2) D:11
  Swamp: Lair:2-4    Shoals: Lair:2-4

Altars:
Cheibriados
Gozag
Kikubaaqudgha
Makhleb
Nemelex Xobeh
Okawaru
Ru
Trog
Wu Jian
Xom
Yredelemnul
Zin
Beogh

Shops:
D:9 }

Annotations:
D:5 3 runed translucent doors, lunkers's ghost, novice NaTm


Innate Abilities, Weirdness & Mutations

You cannot wear armour.
You are incapable of wielding weapons or throwing items.
Your paws allow you to move quietly. (Stealth)
You have sharp claws.
You have razor-sharp teeth.
You have supernaturally acute eyesight. (SInv)
You cover ground quickly.
You are covered in thick fur. (AC +2)
Your sharp claws are effective at attacking unaware monsters.


Message History

Casting: Ensorcelled Hibernation (safe; 1% risk of failure)
Confirm with . or Enter, or press ? or * to list all spells.
Aiming: Ensorcelled Hibernation (safe; 1% risk of failure)
Press: ? - help, Shift-Dir - straight line, f/p - komodo dragon
Aim: a komodo dragon (chance to resist: 64%)
You miscast Ensorcelled Hibernation.
You are very lightly contaminated with residual magic.
Nothing appears to happen.
The komodo dragon completely misses you.
Casting: Ensorcelled Hibernation (safe; 1% risk of failure)
Confirm with . or Enter, or press ? or * to list all spells.
Aiming: Ensorcelled Hibernation (safe; 1% risk of failure)
Press: ? - help, Shift-Dir - straight line, f/p - komodo dragon
Aim: a komodo dragon (chance to resist: 64%)
The komodo dragon easily resists.
You feel sick. The komodo dragon bites you!
* * * LOW HITPOINT WARNING * * *
As you read the scroll of teleportation, it crumbles to dust.
You feel strangely unstable. The komodo dragon bites you!!
Ouch! That really hurt!
You die...

.
##...#.#.#l#.....<(.
.
##........#........
##...#.#.#........
##......#....#.##
##......$..####
#######...# #N..#
#l..# #@..# +....#
#....# .#...#
....... #.P###P#. ##
####


You could see a komodo dragon and a naga.

Vanquished Creatures
  3 hydras
  Nergalle (D:10)
  2 unseen horrors
  A manticore (D:12)
  A cyclops (D:12)
  3 black mambas
  A centaur skeleton (D:10)
  8 cane toads
  A rime drake (Lair:1)
  6 komodo dragons
  A troll (D:10)
  19 yaks
  A wraith (D:10)
  2 basilisks (D:11)
  A warg (D:10)
  3 nagas (Lair:2)
  Edmund (D:6)
  5 water moccasins
  A swamp drake (D:11)
  2 orc warriors
  3 ogres
  A black bear (Lair:1)
  4 ice beasts
  2 necrophages
  3 phantoms
  9 centaurs
  A big kobold (D:8)
  10 bullfrogs
  A water moccasin zombie (D:6)
  A scorpion (D:9)
  4 killer bees
  5 wights
  2 howler monkeys (D:9)
  A centaur zombie (D:5)
  A bullfrog skeleton (D:5)
  4 jellies
  3 hounds
  3 orc priests
  9 orc wizards
  Jessica (D:3)
  Natasha (thrice) (D:3)
  3 iguanas
  6 worker ants
  Terence (D:3)
  2 hound zombies (D:7)
  2 hound skeletons
  13 adders
  8 gnolls
  3 shadow imps
  A white imp (D:6)
  3 oozes
  2 worms (D:2)
  2 dart slugs (D:3)
  5 leopard geckos
  40 orcs
  4 bats
  4 giant cockroaches
  9 goblins
  7 hobgoblins
  6 jackals
  5 kobolds
  4 quokkas
  A ball python (D:5)
  6 frilled lizards
  A leopard gecko skeleton (D:7)
  A quokka skeleton (D:6)
  8 rats
281 creatures vanquished.

Vanquished Creatures (others)
  5 fungi
  3 plants
8 creatures vanquished.

Grand Total: 289 creatures vanquished

Notes
Turn   | Place    | Note
-------+----------+-------------------------------------------
     0 | D:1      | pablito the Felid Enchanter began the quest for the Orb.
     0 | D:1      | Reached XP level 1. HP: 7/7 MP: 4/4
   321 | D:1      | Reached XP level 2. HP: 11/11 MP: 6/6
   324 | D:1      | Learned a level 2 spell: Ensorcelled Hibernation
  1246 | D:2      | Reached XP level 3. HP: 14/14 MP: 0/7
  1515 | D:2      | Found an ornate altar of the Wu Jian Council.
  1554 | D:1      | Reached skill level 5 in Hexes
  1835 | D:2      | Became a worshipper of the Wu Jian Council
  1943 | D:2      | Reached XP level 4. HP: 8/18 MP: 0/8
  2159 | D:2      | Reached skill level 5 in Stealth
  2383 | D:3      | Found an opulent altar of Gozag.
  2477 | D:3      | Noticed a centaur
  2492 | D:3      | Killed a centaur
  2493 | D:3      | Reached XP level 5. HP: 9/21 MP: 9/9
  2690 | D:3      | Reached * piety under Wu Jian
  2809 | D:3      | Noticed Natasha
  2814 | D:3      | Killed Natasha
  2815 | D:3      | Gained mutation: You are covered in thick fur. (AC +2)
                  | [Felid growth]
  2815 | D:3      | Reached XP level 6. HP: 24/24 MP: 10/10
  2822 | D:3      | Noticed Terence
  2824 | D:3      | Killed Terence
  2825 | D:3      | Noticed Jessica
  2828 | D:3      | Killed Jessica
  2887 | D:3      | Reached skill level 5 in Dodging
  3398 | D:3      | Found a shimmering altar of Xom.
  3421 | D:3      | Noticed Natasha
  3429 | D:3      | Killed Natasha
  3639 | D:3      | Noticed Natasha
  3646 | D:3      | Killed Natasha
  3647 | D:3      | Reached XP level 7. HP: 27/27 MP: 8/11
  4112 | D:4      | Reached ** piety under Wu Jian
  4479 | D:4      | Learned a level 3 spell: Confusing Touch
  4677 | D:5      | Entered Level 5 of the Dungeon
  4818 | D:5      | Found a sacrificial altar of Ru.
  5162 | D:5      | Found a runed translucent gate.
  5173 | D:5      | Found a runed translucent gate.
  5174 | D:5      | Found a runed translucent gate.
  5415 | D:5      | Noticed lunkers's ghost (novice NaTm)
  5419 | D:5      | Found a roughly hewn altar of Beogh.
  5420 | D:5      | Identified the cursed +0 chain mail "Joifedeq" {rElec rCorr
                  | Str+3 Stlth+}
  5442 | D:5      | Found a runed translucent door.
  5513 | D:5      | Found a glowing silver altar of Zin.
  5513 | D:5      | Noticed an angel
  6025 | D:5      | HP: 2/27 [orc/+0 falchion (7)]
  6589 | D:6      | Reached skill level 1 in Fighting
  6630 | D:6      | Found an iron altar of Okawaru.
  6652 | D:6      | Reached skill level 1 in Evocations
  6880 | D:6      | Reached XP level 8. HP: 32/32 MP: 12/12
  7367 | D:6      | Reached *** piety under Wu Jian
  7534 | D:6      | Noticed Edmund
  7553 | D:6      | Killed Edmund
  7600 | D:6      | Found a burning altar of Makhleb.
  7704 | D:7      | Learned a level 1 spell: Summon Small Mammal
  8047 | D:7      | Reached skill level 5 in Unarmed Combat
  8047 | D:7      | Reached skill level 1 in Summonings
  8109 | D:7      | HP: 2/34 [yak (9)]
  8460 | D:7      | Reached XP level 9. HP: 37/37 MP: 14/14
  8510 | D:7      | Found a bloodstained altar of Trog.
  8837 | D:7      | Slain by a yak
  8838 | D:7      | Reached XP level 8. HP: -4/34 MP: 20/22
  8996 | D:7      | Found a basalt altar of Yredelemnul.
  9201 | D:7      | Found a staircase to the Ecumenical Temple.
  9650 | D:8      | Reached **** piety under Wu Jian
  9660 | D:8      | Reached XP level 9. HP: 29/39 MP: 0/14
  9938 | D:8      | Found an ancient bone altar of Kikubaaqudgha.
 10541 | D:9      | Found a shimmering altar of Xom.
 10546 | D:9      | Found a shimmering altar of Xom.
 10546 | D:9      | Found a shimmering altar of Xom.
 10561 | D:9      | Found Zacete Siex's Gadget Emporium.
 10586 | D:9      | Bought a condenser vane for 520 gold pieces
 10878 | D:9      | Learned a level 3 spell: Summon Guardian Golem
 10966 | D:9      | Found a snail-covered altar of Cheibriados.
 11157 | D:9      | Found a sparkling altar of Nemelex Xobeh.
 11453 | D:10     | Entered Level 10 of the Dungeon
 11586 | D:10     | Noticed Nergalle
 11704 | D:10     | Noticed an unseen horror
 11710 | D:10     | Killed an unseen horror
 11711 | D:10     | Reached skill level 10 in Stealth
 11711 | D:10     | Reached skill level 10 in Hexes
 11711 | D:10     | Reached XP level 10. HP: 34/43 MP: 15/15
 11849 | D:10     | Killed from afar by Nergalle
 11850 | D:10     | Reached XP level 9. HP: -5/40 MP: 20/23
 11885 | D:10     | Killed from afar by Nergalle
 11886 | D:10     | Reached XP level 8. HP: -16/36 MP: 6/22
 11967 | D:10     | Killed Nergalle
 11968 | D:10     | Reached skill level 5 in Fighting
 12490 | D:10     | Reached XP level 9. HP: 34/40 MP: 14/14
 12633 | D:10     | Noticed a troll
 12645 | D:10     | Reached ***** piety under Wu Jian
 13135 | D:10     | Killed a troll
 13406 | D:11     | Noticed an unseen horror
 13411 | D:11     | Killed an unseen horror
 13412 | D:11     | Reached skill level 5 in Summonings
 13412 | D:11     | Reached XP level 10. HP: 44/45 MP: 12/15
 13487 | D:11     | Noticed an eight-headed hydra
 13532 | D:11     | Killed an eight-headed hydra
 13616 | D:10     | HP: 4/45 [killer bee (7)]
 13843 | D:10     | HP: 4/45 [killer bee (1)]
 14864 | D:11     | Reached skill level 10 in Dodging
 14906 | D:11     | Found a staircase to the Orcish Mines.
 15406 | D:11     | Found a staircase to the Lair.
 15467 | D:11     | Noticed an eight-headed hydra
 15472 | D:11     | Killed an eight-headed hydra
 15473 | D:11     | Reached XP level 11. HP: 48/48 MP: 16/16
 15863 | Lair:1   | Entered Level 1 of the Lair of Beasts
 16191 | Lair:1   | Reached skill level 10 in Unarmed Combat
 16679 | Lair:1   | Noticed a five-headed hydra
 16684 | Lair:1   | Killed a five-headed hydra
 17232 | Lair:2   | Found a staircase to the Snake Pit.
 17263 | Lair:2   | Demolished by a komodo dragon

Illustrated notes

Levels and vault maps discovered:
D:1:      eino_arrival_cavern_d, layout_basic, serial_bayou_ford_a
D:2:      layout_rooms, nicolae_overflow_crystal_walls
D:3:      layout_loops_ring, nicolae_gozag_cash_rules_everything_around_me,
          lemuel_round_altar, eino_tiny_chamber, uniq_natasha, uniq_jessica,
          uniq_terence
D:4:      layout_cave_pools
D:5:      layout_basic, hangedman_ru_absence, zin_angel,
          biasface_ghost_orc_armoury, lightli_church_of_beogh
D:6:      layout_basic, kennysheep_mini_moat, okawaru_trees_2, serial_aquarium,
          aquarium_bridge_square [aquarium_subvault_window,
          aquarium_subvault_bridge, aquarium_subvault_bridge,
          aquarium_subvault_balcony], aquarium_window_fake, aquarium_window_1,
          aquarium_window_3, aquarium_view_2c, aquarium_view_2a,
          aquarium_pool_five, uniq_edmund
D:7:      layout_layer_cave, marbit_many_paths, kennysheep_mini,
          minmay_temple_entry_drinking_statues, serial_glass, glass_columns_c,
          glass_columns_a, glass_columns_a, glass_columns_a
D:8:      layout_layer_cave, overflow_temple_1_default, minmay_diced_spiral
D:9:      layout_basic, lemuel_coloured_pillars_altar, cheibriados_altar_1,
          serial_shops, shop, xom_redecorated
D:10:     layout_cave_pods, uniq_nergalle
D:11:     layout_rooms, erik_lair_dragon, david_orc_3
D:12:     layout_basic, gauntlet_entry_generic, serial_corexii_hall,
          corexii_hall_statues_u, corexii_hall_statues_l, uniq_rupert,
          uniq_fannar
Lair:1:   layout_gridlike, serial_bayou_shore_b, lemuel_fruit_fields
Lair:2:   gammafunk_indiana_jones, layout_regular_city,
          minmay_snake_entry_guardpost_large, lemuel_fruit_tree

Skill      XL: |  1  2  3  4  5  6  7  8  9 10 11 |
---------------+----------------------------------+-----
Dodging        | 3 4 5 6 8 9 10 11 | 11.0
Hexes          | 5 6 7 9 10 11 12 | 12.2
Unarmed Combat | 2 3 4 6 8 9 10 | 10.4
Stealth        | 5 6 7 9 10 11 12 | 12.1
Fighting       | 1 5 4 6 7 |  7.0
Evocations     | 1 3 |  3.1
Spellcasting   | 3 |  3.1
Summonings     | 2 5 6 |  6.7

Action                   |  1- 3 |  4- 6 |  7- 9 | 10-12 || total
-------------------------+-------+-------+-------+-------++-------
Melee: Unarmed           |    68 |    67 |   389 |   106 ||   630
       Bite              |     4 |     2 |    26 |     9 ||    41
       Punch             |       |     2 |    10 |     1 ||    13
 Cast: Corona            |     2 |       |     5 |       ||     7
       Ensorcelled Hiber |    21 |    22 |   121 |    82 ||   246
       Confusing Touch   |       |       |    27 |     6 ||    33
Invok: Lunge             |     5 |    18 |    66 |    26 ||   115
       Whirlwind         |       |     1 |    27 |    14 ||    42
       Serpent's Lash    |       |       |     1 |       ||     1
 Abil: Wall Jump         |       |       |     3 |       ||     3
Evoke: Wand              |       |       |     9 |    13 ||    22
       Condenser vane    |       |       |     2 |     1 ||     3
  Use: Potion            |     2 |       |     1 |     4 ||     7
       Scroll            |       |     4 |     4 |     7 ||    15
 Stab: Sleeping          |    28 |    31 |   101 |    48 ||   208
       Confused          |       |       |    25 |     7 ||    32
       Distracted        |       |       |       |     1 ||     1
Armor: Skin              |     2 |     2 |    14 |     5 ||    23
Dodge: Dodged            |    42 |    37 |   311 |   207 ||   597
Block: Other             |       |     9 |    13 |       ||    22
       Reflection        |       |     2 |     1 |       ||     3

Table legend: (Time is in decaauts)
 A = Elapsed time spent in this place.
 B = Non-inter-level travel time spent in this place.
 C = Inter-level travel time spent in this place.
 D = Time resting spent in this place.
 E = Time spent auto-exploring this place.
 F = Levels seen in this place.
 G = Mean time per level.
                   A        B        C        D        E       F      G
               +--------+--------+--------+--------+--------+-----+--------+
         Total |  15522 |  15076 |    446 |   2942 |   9393 |  14 | 1108.7 |
       Dungeon |  14301 |  13900 |    401 |   2942 |   8450 |  12 | 1191.8 |
          Lair |   1221 |   1176 |     45 |      0 |    942 |   2 |  610.5 |
               +--------+--------+--------+--------+--------+-----+--------+

Top non-repeatable levels by time:
    D:10: 2682 daAuts
     D:1: 1503 daAuts
     D:5: 1392 daAuts
     D:9: 1309 daAuts
     D:3: 1260 daAuts
     D:6: 1258 daAuts
    D:11: 1126 daAuts
     D:4: 1098 daAuts
     D:7: 1077 daAuts
  Lair:1: 824 daAuts
     D:8: 784 daAuts
     D:2: 782 daAuts
  Lair:2: 396 daAuts
    D:12: 24 daAuts
